 Dungeon Crawl Stone Soup version 0.26-a0-660-gc07710193c (webtiles) character file.

Game seed: 1410992284263346346

51 droidtality the Skirmisher (level 3, 0/31 HPs)
             Began as a Ghoul Fighter on Oct 6, 2020.
             Slain by an adder (3 damage)
             ... on level 2 of the Dungeon.
             The game lasted 00:01:13 (1068 turns).

droidtality the Skirmisher (Ghoul Fighter)          Turns: 1068, Time: 00:01:13

Health: 0/31       AC: 11    Str: 20    XL:     3   Next: 81%
Magic:  2/2        EV:  3    Int:  3    God:
Gold:   82         SH:  8    Dex:  8    Spells: 2/2 levels left

rFire    . . .     SeeInvis .   a - +0 war axe
rCold    + . .     Faith    .   c - +0 kite shield
rNeg     + + +     Spirit   .   j - +0 plate armour
rPois    ∞         Reflect  .   (no helmet)
rElec    .         Harm     .   (no cloak)
rCorr    .         Rampage  .   (no gloves)
MR       .....                  (no boots)
Stlth    ..........             (no amulet)
HPRegen  0.00/turn              (no ring)
MPRegen  0.08/turn              (no ring)

@: mighty
A: rotting body, claws 1, cold resistance 1, negative energy resistance 3,
inhibited regeneration, torment resistance, unbreathing
a: no special abilities


You were on level 2 of the Dungeon.
You visited 1 branch of the dungeon, and saw 2 of its levels.

You collected 82 gold pieces.

Inventory:

Hand Weapons
 a - a +0 war axe (weapon)
Armour
 c - a +0 kite shield (worn)
 j - a +0 plate armour (worn)
Jewellery
 k - a +6 ring of dexterity {unknown}
Scrolls
 e - 2 scrolls of identify {unknown}
 f - a scroll of fear {unknown}
 i - a scroll of amnesia {unknown}
Potions
 b - a potion of brilliance {unknown}
 d - a potion of might
 g - a potion of lignification {unknown}
 h - a potion of curing {unknown}


   Skills:
 - Level 3.4 Fighting
 + Level 3.0 Axes
 - Level 2.9 Armour
 - Level 0.2 Dodging
 - Level 2.9 Shields


You had 2 spell levels left.
You didn't know any spells.
Your spell library was empty.

Dungeon Overview and Level Annotations

Branches:
Dungeon (2/15)

Altars:


Innate Abilities, Weirdness & Mutations

Your body is rotting away.
You thrive by killing the living.
You are immune to poison.
You have sharp fingernails.
Your flesh is cold resistant. (rC+)
You are immune to negative energy. (rN+++)
You do not regenerate when monsters are visible.
You are immune to unholy pain and torment.
You can survive without breathing.


Message History

The adder bites you.
* * * LOW HITPOINT WARNING * * *
You block the adder's attack.
You feel very mighty all of a sudden. The adder bites you but does no damage.
Your shield and plate armour prevent you from hitting the adder.
The adder is heavily wounded.
The adder bites you but does no damage. x2
You miss the adder.
The adder is heavily wounded.
The adder bites you but does no damage. You block the adder's attack.
You barely miss the adder.
The adder is heavily wounded.
The adder bites you but does no damage. You block the adder's attack.
You closely miss the adder.
The adder is heavily wounded.
The adder bites you.
* * * LOW HITPOINT WARNING * * *
The adder bites you.
You die...

#.....######..........
###...# #..###.....
###.### ##.##....#
#.).## ##†....#
###..###...####
##..)..#.##
##....#..## ##.......#
######.#@# #......#S##
## #.....[#SS# #...
#.........#...#
#...........#
.......#.....#
#########.......#
##........ .........


You could see 3 adders.

Vanquished Creatures
  A gnoll (D:1)
  An adder (D:2)
  2 leopard geckos
  2 giant cockroaches (D:1)
  A goblin (D:1)
  7 hobgoblins
  3 kobolds
  A quokka (D:2)
  2 ball pythons (D:1)
  2 bats (D:1)
  A frilled lizard (D:1)
  7 rats
30 creatures vanquished.

Notes
Turn   | Place    | Note
-------+----------+-------------------------------------------
     0 | D:1      | droidtality the Ghoul Fighter began the quest for the Orb.
     0 | D:1      | Reached XP level 1. HP: 19/19 MP: 0/0
    97 | D:1      | Reached XP level 2. HP: 8/26 MP: 1/1
   419 | D:1      | Reached XP level 3. HP: 31/31 MP: 2/2
  1068 | D:2      | Slain by an adder

Illustrated notes

Levels and vault maps discovered:
D:1:      eino_arrival_cavern_d, layout_basic
D:2:      layout_rooms, lemuel_blue_sif_altar, nicolae_ru_the_path_less_chosen

Skill      XL: |  1  2  3 |
---------------+----------+-----
Axes           | 2 3 |  3.0
Fighting       | |  3.4
Armour         | |  2.9
Dodging        | |  0.2
Shields        | |  2.9

Action                   || total
-------------------------++-------
Melee: War axe           ||   133
  Use: Potion            ||     1
Armor: Scale mail        ||    51
       Plate armour      ||    65
Dodge: Dodged            ||    31
Block: Kite shield       ||    92

Table legend: (Time is in decaauts)
 A = Elapsed time spent in this place.
 B = Non-inter-level travel time spent in this place.
 C = Inter-level travel time spent in this place.
 D = Time resting spent in this place.
 E = Time spent auto-exploring this place.
 F = Levels seen in this place.
 G = Mean time per level.
                   A        B        C        D        E       F      G
               +--------+--------+--------+--------+--------+-----+--------+
         Total |   1128 |   1033 |     95 |    104 |    624 |   2 |  564.0 |
       Dungeon |   1128 |   1033 |     95 |    104 |    624 |   2 |  564.0 |
               +--------+--------+--------+--------+--------+-----+--------+

Top non-repeatable levels by time:
     D:1: 857 daAuts
     D:2: 271 daAuts
